 Dungeon Crawl Stone Soup version 0.29-a0-100-g60f898f876 (webtiles) character file.

Game seed: 12588387846282497253

2436 kae the Ruffian (level 9, -2/72 HPs)
             Began as a Pale Draconian Transmuter on Feb 14, 2022.
             Slain by a gnoll (14 damage)
             ... on level 7 of the Dungeon.
             The game lasted 00:04:28 (8300 turns).

kae the Ruffian (Pale Draconian Transmuter)         Turns: 8300, Time: 00:04:29

Health: -2/72      AC: 16    Str: 20    XL:     9   Next: 25%
Magic:  15/15      EV: 13    Int: 15    God:
Gold:   727        SH:  0    Dex: 13    Spells: 8/16 levels left

rFire   . . .      SeeInvis .     - Unarmed
rCold   . . .      Faith    .   (no shield)
rNeg    . . .      Spirit   .   (armour unavailable)
rPois   .          Reflect  .   (helmet restricted)
rElec   .          Harm     .   g - +1 cloak
rCorr   .          Rampage  .   (no gloves)
Will    .....                   k - +2 pair of boots
Stlth   +.........              (no amulet)
HPRegen 0.22/turn               d - +6 ring of strength
MPRegen 0.14/turn               i - +4 ring of protection

@: short of breath
A: breathe steam, AC +7, unfitting armour, cold-blooded, steam resistance
a: Breathe Steam


You were on level 7 of the Dungeon.
You visited 1 branch of the dungeon, and saw 7 of its levels.

You collected 727 gold pieces.

Inventory:

Armour
 g - a +1 cloak (worn)
 k - a +2 pair of boots (worn)
Jewellery
 b - a ring of ice
 d - a +6 ring of strength (left hand)
 i - a +4 ring of protection (right hand)
Wands
 t - a wand of flame (22)
 v - a wand of acid (8)
 w - a wand of iceblast (15)
Scrolls
 c - 2 scrolls of enchant armour
 l - 2 scrolls of fear
 q - a scroll of vulnerability
 r - 2 scrolls of magic mapping
Potions
 a - 2 potions of degeneration
 e - 2 potions of mutation
 f - a potion of curing
 h - a potion of heal wounds
 j - a potion of cancellation
 m - a potion of magic
 n - 3 potions of flight
 o - a potion of attraction {unknown}
 p - 2 potions of brilliance
 s - a potion of ambrosia {unknown}
 u - a potion of might {unknown}


   Skills:
 + Level 4.6 Fighting
 + Level 4.1 Dodging
 * Level 6.6 Unarmed Combat
 + Level 4.2 Spellcasting
 * Level 6.2 Transmutations
 * Level 4.9 Ice Magic
 - Level 2.0 Poison Magic


You had 8 spell levels left.
You knew the following spells:

 Your Spells              Type           Power      Damage    Failure   Level
a - Beastly Appendage     Tmut           42%        N/A       1%          1
b - Spider Form           Tmut/Pois      15%        N/A       10%         3
c - Ice Form              Ice/Tmut       19%        N/A       19%         4

Your spell library contained the following spells:

 Spells                   Type           Power      Damage    Failure   Level
 Wereblood                Tmut           21%        N/A       1%          2
 Iskenderun's Battlesphe  Conj           3%         2d6       99%         5
 Iron Shot                Conj/Erth      1%         9d1       100%        6
 Spellforged Servitor     Conj/Summ      1%         N/A       100%        7


Dungeon Overview and Level Annotations

Branches:
Dungeon (7/15)             Temple (0/1) D:7

Altars:
Ashenzari
Cheibriados
Elyvilon
Fedhas
Kikubaaqudgha
Nemelex Xobeh
Okawaru
Zin


Innate Abilities, Weirdness & Mutations

You can breathe blasts of scalding, opaque steam.
Your pale cyan-grey scales are hard. (AC +7)
You cannot fit into any form of body armour.
You are cold-blooded and may be slowed by cold attacks.
You are immune to the effects of steam.


Message History

You are engulfed in a cloud of scalding steam.
The steam dragon bites you but does no damage.
The steam dragon barely misses you.
You hit the steam dragon but do no damage.
The steam dragon is severely wounded.
The steam dragon bites you. The steam dragon misses you.
A gnoll comes into view.
It is wielding a +1 whip of electrocution.
You barely miss the steam dragon.
The steam dragon is severely wounded.
The gnoll shouts!
The steam dragon breathes steam at you. The ball of steam hits you!!
The steam scalds you terribly!
* * * LOW HITPOINT WARNING * * *
The gnoll moves out of view.
You hear a shout!
You hit the steam dragon. You freeze the steam dragon.
The steam dragon is almost dead.
You are engulfed in a cloud of scalding steam.
The steam dragon closely misses you. The steam dragon barely misses you.
You barely miss the steam dragon.
The steam dragon is almost dead.
You are engulfed in a cloud of scalding steam.
* * * LOW HITPOINT WARNING * * *
A gnoll comes into view. It is wielding a +0 whip.
You punch the steam dragon! You freeze the steam dragon.
You kill the steam dragon!
The steam dragon scales are intact enough to wear.
Your life force feels restored.
A gnoll comes into view. It is wielding a +0 whip.
You warm up again.
Your +1 cloak unmelds from your body.
Your +2 pair of boots unmelds from your body.
Aiming: Breathe Steam (1% risk of failure)
Press: ? - help, Shift-Dir - straight line, f - gnoll
Aim: a gnoll, wielding a +1 whip of electrocution (75% to hit)
You exhale a blast of scalding steam.
The ball of steam hits the gnoll.
The gnoll is heavily wounded.
The gnoll is engulfed in a cloud of scalding steam.
The gnoll hits you but does no damage.
You are electrocuted!
You die...

.#
#.#.≈≈≈§≈.#
.#
#..≈≈≈§§§≈#
.#
##.§≈§>§§§##
.#
#.≈≈≈)§≈§.#
.#
##.≈≈§≈§..#
.#
#..§≈≈...#
)#
#....##..#
.#
##...##.##
## #.####@#
#.# #g# #.
#§# #g# #.#
#g# #.# #.#
#.#


You could see a gnoll.

Vanquished Creatures
  A steam dragon (D:7)
  2 orc warriors
  3 ice beasts
  3 ogres
  2 necrophages
  A phantom (D:6)
  Blork the orc (D:4)
  A wyvern zombie (D:4)
  A wyvern skeleton (D:5)
  A killer bee (D:4)
  3 howler monkeys
  A bullfrog zombie (D:5)
  A centaur zombie (D:6)
  2 hounds
  3 jellies
  2 centaur skeletons
  2 orc priests
  Crazy Yiuf (D:4)
  Jessica (D:2)
  2 bullfrog skeletons (D:6)
  5 iguanas
  Terence (D:2)
  6 orc wizards
  A hound skeleton (D:4)
  A hound zombie (D:5)
  Robin (D:3)
  A howler monkey skeleton (D:5)
  7 adders
  A white imp (D:6)
  An adder skeleton (D:4)
  2 worms
  2 dart slugs
  22 orcs
  7 endoplasms
  5 giant cockroaches
  15 goblins
  8 hobgoblins
  8 jackals
  4 quokkas
  6 ball pythons
  6 bats
  6 frilled lizards
  8 kobolds
  A quokka skeleton (D:4)
  5 rats (D:1)
164 creatures vanquished.

Vanquished Creatures (others)
  A plant (D:4)
1 creature vanquished.

Grand Total: 165 creatures vanquished

Notes
Turn   | Place    | Note
-------+----------+-------------------------------------------
     0 | D:1      | kae the Draconian Transmuter began the quest for the Orb.
     0 | D:1      | Reached XP level 1. HP: 16/16 MP: 3/3
   181 | D:1      | Reached XP level 2. HP: 23/23 MP: 3/5
   651 | D:1      | Reached XP level 3. HP: 22/28 MP: 4/6
  1195 | D:1      | Learned a level 3 spell: Spider Form
  1460 | D:2      | Noticed Jessica
  1471 | D:2      | Killed Jessica
  1472 | D:2      | Reached XP level 4. HP: 36/36 MP: 0/7
  1624 | D:2      | Found a faded altar of an unknown god.
  2443 | D:3      | Noticed a necrophage
  2464 | D:3      | Killed a necrophage
  2465 | D:3      | Reached skill level 1 in Poison Magic
  2465 | D:3      | Reached XP level 5. HP: 15/41 MP: 8/8
  2736 | D:3      | Identified the +0 helmet of Foihu {rPois}
  2736 | D:3      | Noticed Robin
  2738 | D:3      | Noticed Terence
  2806 | D:2      | Killed Terence
  2828 | D:3      | Killed Robin
  3593 | D:3      | Found an ancient bone altar of Kikubaaqudgha.
  3708 | D:4      | Found a white marble altar of Elyvilon.
  3914 | D:4      | Learned a level 4 spell: Ice Form
  4296 | D:4      | Reached XP level 6. HP: 50/50 MP: 4/9
  4409 | D:4      | Reached skill level 1 in Ice Magic
  4618 | D:4      | Your scales start taking on a pale cyan-grey colour.
  4618 | D:4      | Reached XP level 7. HP: 56/56 MP: 8/11
  4618 | D:4      | Gained mutation: You are immune to the effects of steam.
                  | [Pale Draconian growth]
  5303 | D:4      | Found a runed translucent door.
  5304 | D:4      | Noticed Crazy Yiuf
  5335 | D:4      | Noticed Blork the orc
  5339 | D:4      | Killed Blork the orc
  5340 | D:4      | Reached skill level 5 in Unarmed Combat
  5726 | D:4      | Killed Crazy Yiuf
  5777 | D:5      | Entered Level 5 of the Dungeon
  5851 | D:5      | Reached XP level 8. HP: 61/64 MP: 7/13
  5930 | D:5      | Reached skill level 5 in Transmutations
  6631 | D:5      | Found a sparkling altar of Nemelex Xobeh.
  7117 | D:6      | Found an iron altar of Okawaru.
  7181 | D:6      | Found a glowing silver altar of Zin.
  7185 | D:6      | Found a broken altar of Ashenzari.
  7215 | D:6      | Found a snail-covered altar of Cheibriados.
  7291 | D:6      | Found a blossoming altar of Fedhas.
  7585 | D:6      | Reached XP level 9. HP: 72/72 MP: 11/15
  8211 | D:7      | Found a staircase to the Ecumenical Temple.
  8300 | D:7      | Slain by a gnoll

Illustrated notes

Levels and vault maps discovered:
D:1:      elethiomel_arrival_diamonds, layout_basic
D:2:      layout_loops_corners, dreamdust_ecumenical_altar_hidden_monk_grotto,
          uniq_jessica
D:3:      layout_basic, lemuel_round_altar, guppyfry_early_lair_pool,
          uniq_robin, uniq_terence
D:4:      minmay_polygon_palace, layout_basic, mainiacjoe_overflow_paths,
          serial_bayou_pond_e, uniq_blork_the_orc, uniq_crazy_yiuf_cottage
D:5:      layout_rooms, marbit_many_paths, hangedman_abyss_or_decor_stabs,
          amcnicky_mini_corridor_feature, kennysheep_generic_room_13
D:6:      layout_cave_pods, lemuel_tele_altar, kennysheep_slug_shrine,
          kennysheep_mini_moat, grunt_temple_overflow_open, supply_closet_lemuel
D:7:      layout_basic, minmay_temple_entry_mist

Skill      XL: |  1  2  3  4  5  6  7  8  9 |
---------------+----------------------------+-----
Dodging        | 2 3 4 |  4.1
Fighting       | 2 3 4 |  4.6
Transmutations | 3 4 5 6 |  6.2
Poison Magic   | 1 2 |  2.0
Unarmed Combat | 4 5 6 |  6.6
Ice Magic      | 1 3 4 |  4.9
Spellcasting   | 3 4 |  4.2

Action                   |  1- 3 |  4- 6 |  7- 9 || total
-------------------------+-------+-------+-------++-------
Melee: Unarmed           |    72 |   151 |   230 ||   453
       Kick              |    11 |     6 |       ||    17
       Headbutt          |    11 |     4 |       ||    15
       Tailslap          |     5 |    10 |    17 ||    32
       Punch             |     2 |     1 |     2 ||     5
 Cast: Beastly Appendage |    20 |    14 |       ||    34
       Spider Form       |     1 |     8 |    13 ||    22
       Ice Form          |       |     1 |    11 ||    12
 Abil: Breathe Steam     |       |       |    10 ||    10
       End Transformatio |       |       |     2 ||     2
  Use: Scroll            |       |     9 |     5 ||    14
 Stab: Distracted        |       |       |     1 ||     1
Armor: Skin              |    21 |    41 |    68 ||   130
Dodge: Dodged            |    44 |   124 |   142 ||   310

Table legend: (Time is in decaauts)
 A = Elapsed time spent in this place.
 B = Non-inter-level travel time spent in this place.
 C = Inter-level travel time spent in this place.
 D = Time resting spent in this place.
 E = Time spent auto-exploring this place.
 F = Levels seen in this place.
 G = Mean time per level.
                   A        B        C        D        E       F      G
               +--------+--------+--------+--------+--------+-----+--------+
         Total |   8274 |   8103 |    171 |    529 |   6405 |   7 | 1182.0 |
       Dungeon |   8274 |   8103 |    171 |    529 |   6405 |   7 | 1182.0 |
               +--------+--------+--------+--------+--------+-----+--------+

Top non-repeatable levels by time:
     D:4: 2077 daAuts
     D:3: 1263 daAuts
     D:2: 1230 daAuts
     D:1: 1197 daAuts
     D:6: 1159 daAuts
     D:5: 1046 daAuts
     D:7: 300 daAuts
